 Dungeon Crawl Stone Soup version 0.24.0-2-g5b39cebb1c (webtiles) character file.

Game seed: 835338150691030190, levelgen mode: deterministic

4775 Howlingfantods the Blocker (level 10, -18/89 HPs)
             Began as a Minotaur Fighter on Oct 29, 2019.
             Was an Elder of Okawaru.
             Demolished by an orc knight
             ... wielding a +0 halberd
              (29 damage)
             ... in a bailey.
             The game lasted 01:11:12 (5927 turns).

Howlingfantods the Blocker (Minotaur Fighter)       Turns: 5927, Time: 01:11:13

Health: -18/89     AC: 12    Str: 24    XL:     10   Next: 23%
Magic:  7/9        EV: 15    Int:  5    God:    Okawaru [****..]
Gold:   342        SH: 16    Dex: 15    Spells: 9/9 levels left

rFire    . . .     SeeInvis +   a - +4 scimitar (flame)
rCold    . . .     Gourm    .   o - +2 shield
rNeg     . . .     Faith    .   r - +0 scale mail
rPois    .         Spirit   .   (helmet restricted)
rElec    .         Reflect  .   (no cloak)
rCorr    .         Harm     .   t - +1 pair of gloves
MR       .....                  (no boots)
Stlth    ++........             (no amulet)
HPRegen  0.24/turn              p - +5 ring of dexterity
MPRegen  0.11/turn              u - ring of see invisible

@: heroism, very slightly contaminated, hasted, invisible, very quick
A: retaliatory headbutt, horns 2
a: Heroism, Renounce Religion


You were in a bailey.
You worshipped Okawaru.
Okawaru was greatly pleased with you.
You were not hungry.

You visited 2 branches of the dungeon, and saw 9 of its levels.
You also visited: Bailey.

You collected 432 gold pieces.
You spent 90 gold pieces at shops.

Inventory:

Hand Weapons
 a - a +4 scimitar of flaming (weapon)
 b - a +0 hunting sling
Missiles
 e - 20 poisoned darts (quivered)
 s - 53 sling bullets
Armour
 o - a +2 shield (worn)
 r - a +0 scale mail (worn)
 t - a +1 pair of gloves (worn)
Jewellery
 p - a +5 ring of dexterity (left hand)
 q - an uncursed ring of ice
 u - a ring of see invisible (right hand)
Wands
 k - a wand of flame (16)
Scrolls
 f - 7 scrolls of identify
 i - a scroll of immolation
 j - 4 scrolls of remove curse
 m - 2 scrolls of fog
 v - a scroll of teleportation
Potions
 c - 3 potions of might
 g - 6 potions of curing
 h - 3 potions of brilliance
 l - a potion of cancellation
 n - 3 potions of berserk rage
 z - a potion of heal wounds
Comestibles
 d - 4 rations


   Skills:
 * Level 8.3(13.3) Fighting
 + Level 1.7(6.7) Long Blades
   Level 6.0(11.0) Axes
 + Level 2.4(7.9) Slings
 + Level 2.1(7.5) Throwing
 * Level 8.4(13.4) Armour
 + Level 2.5(7.5) Dodging
 * Level 9.2(14.2) Shields
 * Level 8.0(13.0) Unarmed Combat
 + Level 0.1 Invocations


You had 9 spell levels left.
You didn't know any spells.
Your spell library was empty.

Dungeon Overview and Level Annotations

Branches:
Dungeon (8/15)             Temple (1/1) D:4          Bailey (1/1)
   Lair: D:8-11

Altars:
Ashenzari
Cheibriados
Dithmenos
Elyvilon
Fedhas
Gozag
Hepliaklqana
Kikubaaqudgha
Makhleb
Nemelex Xobeh
Okawaru
Qazlal
Ru
Sif Muna
Trog
Uskayaw
Vehumet
Wu Jian
Xom
Yredelemnul
Zin
The Shining One


Innate Abilities, Weirdness & Mutations

You reflexively headbutt those who attack you in melee.
You have a pair of horns on your head.


Message History

You riposte.
You closely miss the orc.
The orc is severely wounded.
You closely miss the orc knight.
The orc warrior shouts!
You headbutt the orc knight, but do no damage.
The orc knight is almost dead.
The orc knight closely misses you. You furiously retaliate!
You headbutt the orc knight. The orc barely misses you.
You block the orc's attack.
Your shield and scale mail prevent you from hitting the orc knight.
You headbutt the orc knight, but do no damage.
The orc knight is almost dead.
You block the orc's attack. The orc warrior barely misses you.
The orc knight misses you. You furiously retaliate!
You headbutt the orc knight, but do no damage.
You completely miss the orc knight.
The orc knight is almost dead.
You block the orc's attack.
The orc knight hits you with a +0 halberd!!
You die...

## ####### #####
...###.....#########....
....'.......#.....#...).
....'o)o....'.....'.....
....'o.@o)..'.....'.....
....'.ooo)..'.....'.....
....'..o....#.....#.....
...###..o..#########....
## ####### #####


You could see 2 orc knights, 2 orc warriors and 5 orcs.

Vanquished Creatures
  Erica (D:8)
  Menkaure (D:7)
  Duvessa (D:7)
  9 orc warriors
  2 ice beasts (D:7)
  A sky beast (D:5)
  A black bear (D:6)
  2 phantoms (D:6)
  3 centaurs (D:6)
  7 ogres
  A big kobold (D:7)
  5 bullfrogs
  Dowan (D:7)
  The ghost of Mrkan the Skirmisher, a weakling HOFi (D:4)
  A scorpion (D:4)
  3 wights (D:6)
  A howler monkey (D:4)
  A bullfrog zombie (D:7)
  A jelly (D:5)
  3 hounds
  2 orc priests
  A gnoll shaman (D:7)
  6 orc wizards
  An iguana (D:4)
  Natasha (D:2)
  8 worker ants
  A hound skeleton (D:7)
  5 gnolls (D:7)
  A howler monkey skeleton (D:7)
  8 adders
  2 shadow imps
  An adder zombie (D:7)
  An adder skeleton (D:8)
  A worm (D:3)
  A dart slug (D:2)
  2 leopard geckos
  47 orcs
  A ball python (D:6)
  16 bats
  6 giant cockroaches
  7 goblins
  7 hobgoblins
  16 jackals
  19 kobolds
  5 quokkas
  7 frilled lizards
  A leopard gecko skeleton (D:4)
  A quokka skeleton (D:7)
  8 rats
229 creatures vanquished.

Vanquished Creatures (others)
  2 withered plants (D:4)
2 creatures vanquished.

Grand Total: 231 creatures vanquished

Notes
Turn   | Place    | Note
-------+----------+-------------------------------------------
     0 | D:1      | Howlingfantods the Minotaur Fighter began the quest for the
                  | Orb.
     0 | D:1      | Reached XP level 1. HP: 19/19 MP: 0/0
    65 | D:1      | Reached XP level 2. HP: 18/27 MP: 1/1
   302 | D:2      | Reached skill level 4 in Shields
   351 | D:2      | Reached XP level 3. HP: 31/33 MP: 2/2
   414 | D:4      | Noticed an ogre
   422 | D:4      | Killed an ogre
   422 | D:4      | Reached XP level 4. HP: 20/41 MP: 3/3
   457 | D:4      | Reached XP level 5. HP: 22/47 MP: 4/4
   480 | D:4      | Noticed an ogre
   491 | D:4      | Killed an ogre
   491 | D:4      | Reached skill level 5 in Shields
   506 | D:4      | Found a staircase to the Ecumenical Temple.
   512 | Temple   | Entered the Ecumenical Temple
   601 | Temple   | Became a worshipper of Warmaster Okawaru
   670 | D:4      | Reached XP level 6. HP: 55/55 MP: 5/5
   726 | D:4      | Found Zin's Purification Station.
   730 | D:4      | Found a glowing silver altar of Zin.
   740 | D:4      | Reached skill level 5 in Fighting
   740 | D:4      | Reached skill level 1 in Throwing
   756 | D:4      | Bought a potion of curing for 90 gold pieces
  1070 | D:1      | Reached skill level 5 in Armour
  1568 | D:2      | Noticed Natasha
  1573 | D:2      | Killed Natasha
  2323 | D:3      | Found a snail-covered altar of Cheibriados.
  2323 | D:3      | Found a faded altar of an unknown god.
  2332 | D:3      | Found a sacrificial altar of Ru.
  2334 | D:3      | Found a faded altar of an unknown god.
  2348 | D:3      | Found a stormy altar of Qazlal.
  2437 | D:4      | Reached XP level 7. HP: 61/61 MP: 6/6
  2450 | D:4      | Found a runed translucent door.
  2451 | D:4      | Noticed Mrkan's ghost (weakling HOFi)
  2468 | D:4      | Killed Mrkan's ghost
  2468 | D:4      | Reached skill level 5 in Unarmed Combat
  2539 | D:4      | Reached * piety under Okawaru
  2539 | D:4      | Reached skill level 1 in Dodging
  2580 | D:4      | Reached skill level 6 in Shields
  2851 | D:5      | Entered Level 5 of the Dungeon
  3307 | D:5      | Found a basalt altar of Yredelemnul.
  3522 | D:5      | Found a white marble altar of Elyvilon.
  3716 | D:6      | Reached XP level 8. HP: 48/70 MP: 7/7
  3944 | D:6      | Reached ** piety under Okawaru
  3944 | D:6      | Reached skill level 7 in Shields
  4210 | D:6      | Reached skill level 1 in Axes
  4275 | D:6      | Reached XP level 9. HP: 37/78 MP: 8/8
  4700 | D:7      | Reached skill level 1 in Slings
  4700 | D:7      | Noticed Duvessa
  4710 | D:7      | Killed Duvessa
  4710 | D:7      | Reached *** piety under Okawaru
  4713 | D:7      | Noticed Dowan
  4735 | D:7      | Killed Dowan
  4736 | D:7      | Reached skill level 8 in Shields
  5056 | D:7      | Noticed Menkaure
  5066 | D:7      | Killed Menkaure
  5359 | D:8      | Reached skill level 5 in Axes
  5365 | D:8      | Noticed Erica
  5378 | D:8      | Killed Erica
  5379 | D:8      | Reached XP level 10. HP: 46/88 MP: 6/9
  5476 | D:8      | Found a flagged portal.
  5486 | Bailey   | Entered a bailey
  5559 | Bailey   | Reached **** piety under Okawaru
  5563 | Bailey   | Reached skill level 9 in Shields
  5905 | Bailey   | Noticed an orc knight
  5905 | Bailey   | Noticed an orc knight
  5908 | Bailey   | Reached skill level 1 in Long Blades
  5927 | Bailey   | Demolished by an orc knight

Levels and vault maps discovered:
D:1:      minmay_arrival_shattered_statue, layout_loops_ring
D:2:      layout_rooms, uniq_natasha
D:3:      layout_basic, chequers_temple_overflow_minitemple,
          kennysheep_generic_room_2
D:4:      layout_basic, zin_purify, minmay_temple_entry_arrows,
          gammafunk_ghost_grave, first_ration
D:5:      layout_rooms, kennysheep_ying_yang
D:6:      layout_cave_pools
D:7:      layout_loops_ring, uniq_menkaure, uniq_duvessa
D:8:      layout_rooms, enter_bailey_8, serial_rivers,
          chequers_serial_rivers_small_b, chequers_serial_rivers_micro_d,
          chequers_serial_rivers_micro_c, chequers_serial_rivers_micro_c,
          chequers_serial_rivers_large_b, hangedman_ranch
          [blue_anna_fruit_fields], uniq_harold, uniq_erica
Temple:   eino_temple_rhombus
Bailey:   bailey_polearm_5, bailey

Skill      XL: |  1  2  3  4  5  6  7  8  9 10 |
---------------+-------------------------------+-----
Fighting       | 4 5 6 7 8 |  8.3
Shields        | 4 5 6 7 8 9 |  9.2
Armour         | 4 5 6 7 8 |  8.4
Unarmed Combat | 3 4 6 7 8 |  8.0
Throwing       | 1 2 |  2.1
Dodging        | 1 2 |  2.5
Axes           | 2 6 |  6.0
Slings         | 2 |  2.4
Long Blades    | 1 |  1.7
Invocations    | |  0.1

Action                   |  1- 3 |  4- 6 |  7- 9 | 10-12 || total
-------------------------+-------+-------+-------+-------++-------
Melee: Unarmed           |    69 |   164 |   158 |       ||   391
       Headbutt          |    11 |    25 |    75 |    21 ||   132
       War axe           |       |       |   164 |       ||   164
       Scimitar          |       |       |       |    50 ||    50
 Fire: Hunting sling     |       |       |    36 |     7 ||    43
Throw: Dart              |     4 |    30 |    31 |       ||    65
Invok: Heroism           |       |       |     2 |     4 ||     6
  Use: Scroll            |     4 |     5 |     4 |       ||    13
       Potion            |     3 |     5 |     4 |     3 ||    15
 Stab: Invisible         |       |       |       |     4 ||     4
  Eat: Chunk             |       |     5 |     3 |     2 ||    10
       Ration            |       |       |     2 |       ||     2
Armor: Scale mail        |    29 |    63 |   107 |    16 ||   215
Dodge: Dodged            |    20 |    48 |   100 |    56 ||   224
Block: Shield            |    35 |    93 |   227 |    93 ||   448
       Rpst.: Scimitar   |       |       |       |     9 ||     9
